 Dungeon Crawl Stone Soup version 0.30-a0-691-g754fce4c43 (webtiles) character file.

Game seed: 10335936339113889055

23 drugrobin the Sneak (level 2, -7/25 HPs)
             Began as a Demigod Delver on Jan 20, 2023.
             Mangled by a bullfrog (8 damage)
             ... on level 6 of the Dungeon.
             The game lasted 00:02:54 (304 turns).

drugrobin the Sneak (Demigod Delver)                 Turns: 304, Time: 00:02:55

Health: -7/25      AC:  3    Str: 13    XL:     2   Next: 57%
Magic:  4/4        EV: 11    Int: 12    God:
Gold:   32         SH:  0    Dex: 15    Spells: 1/1 levels left

rFire   . . .      SeeInvis .      - Unarmed
rCold   . . .      Faith    .    (no shield)
rNeg    . . .      Spirit   .    a - +0 leather armour
rPois   .          Reflect  .    (no helmet)
rElec   .          Harm     .    (no cloak)
rCorr   .          Rampage  .    (no gloves)
Will    .....                    (no boots)
Stlth   +++                      (no amulet)
HPRegen 0.24/turn                (no ring)
MPRegen 0.09/turn                (no ring)

@: hasted, very quick
A: high MP 1, forlorn, divine attributes
a: no special abilities


You were on level 6 of the Dungeon.
You visited 1 branch of the dungeon, and saw 2 of its levels.

You collected 32 gold pieces.

Inventory:

Armour
 a - a +0 leather armour (worn)
Wands
 f - a wand of digging (1)
Scrolls
 b - a scroll of fog


   Skills:
 - Level 2.6 Fighting
 - Level 1.7 Dodging
 - Level 4.5 Stealth
 + Level 3.0 Unarmed Combat


You had one spell level left.
You didn't know any spells.
Your spell library was empty.

Dungeon Overview and Level Annotations

Branches:
Dungeon (6/15)
 Temple: D:4-7

Annotations:
D:5 exclusion: ogre
D:6 exclusion: 2 bullfrogs


Innate Abilities, Weirdness & Mutations

You have an increased reservoir of magic. (+10% MP)
You shall have no god before yourself.
Your divine heritage dramatically boosts your attributes as you level up.


Message History

Unknown command.
Unknown command.
It was a potion of curing.
You feel better. The bullfrog closely misses you.
Unknown command.
Unknown command.
You hit the bullfrog.
The bullfrog is lightly wounded.
The bullfrog hits you.
* * * LOW HITPOINT WARNING * * *
Unknown command.
You hit the bullfrog.
The bullfrog is heavily wounded.
You hit the bullfrog.
The bullfrog is severely wounded.
The bullfrog closely misses you.
You hit the bullfrog.
The bullfrog is almost dead.
The bullfrog closely misses you.
You hit the bullfrog.
The bullfrog is almost dead.
The bullfrog hits you.
* * * LOW HITPOINT WARNING * * *
Unknown command.
Unknown command.
You hit the bullfrog but do no damage.
The bullfrog is almost dead.
The bullfrog barely misses you.
Unknown command.
Unknown command.
Unknown command.
Unknown command.
You closely miss the bullfrog.
The bullfrog is almost dead.
The bullfrog barely misses you.
Unknown command.
Unknown command.
You hit the bullfrog but do no damage.
The bullfrog is almost dead.
The bullfrog hits you!
You die...

############
#..........#
################
#.########.#
#..............# #.# #.#
##...#...###..#F#*###**
#.# #...#.#..#
#..#@#,*∩*,* #.#
##..#._.#.# #.##.#+*+*+*
#.# #....#.#..#
#.##.+,,,+,* #.#
#.....#...###.####,,,***
#.#
............#.#*,+,,,+,*
#.#
...########.#.#***+*+***
#.# *#.#
#...F.#*,+,*,+,* #.#
*#.######.###.##########
#.# #........#
#..........######.#


You could see a bullfrog.

Vanquished Creatures
  A human skeleton (D:6)
1 creature vanquished.

Notes
Turn   | Place    | Note
-------+----------+-------------------------------------------
     0 | D:5      | drugrobin the Demigod Delver began the quest for the Orb.
     0 | D:5      | Reached XP level 1. HP: 18/18 MP: 3/3
    24 | D:5      | Noticed an ogre
    70 | D:6      | Noticed a hound
   199 | D:6      | Noticed a bullfrog
   217 | D:6      | Noticed a black bear
   248 | D:6      | Noticed a bullfrog
   296 | D:6      | Reached XP level 2. HP: 2/25 MP: 4/4
   301 | D:6      | HP: 1/25 [bullfrog (6)]
   304 | D:6      | Mangled by a bullfrog

Illustrated notes

Levels and vault maps discovered:
D:5:      layout_gridville, marbit_many_paths, uniq_crazy_yiuf_cottage,
          uniq_eustachio
D:6:      layout_loops_ring, okawaru_metal_pillars_3,
          nicolae_gozag_zags_fifth_avenue, nicolae_ossuary_entry_catacombs

Skill      XL: |  1 |
---------------+----+-----
Unarmed Combat | 3 |  3.0
Fighting       | |  2.6
Dodging        | |  1.7
Stealth        | |  4.5

Action                   || total
-------------------------++-------
Melee: Unarmed           ||    26
Evoke: Wand              ||     2
  Use: Scroll            ||     2
       Potion            ||     2
Armor: Leather armour    ||     7
Dodge: Dodged            ||    21

Table legend: (Time is in decaauts)
 A = Elapsed time spent in this place.
 B = Non-inter-level travel time spent in this place.
 C = Inter-level travel time spent in this place.
 D = Time resting spent in this place.
 E = Time spent auto-exploring this place.
 F = Levels seen in this place.
 G = Mean time per level.
                   A        B        C        D        E       F      G
               +--------+--------+--------+--------+--------+-----+--------+
         Total |    290 |    256 |     34 |      0 |      7 |   2 |  145.0 |
       Dungeon |    290 |    256 |     34 |      0 |      7 |   2 |  145.0 |
               +--------+--------+--------+--------+--------+-----+--------+

Top non-repeatable levels by time:
     D:6: 250 daAuts
     D:5: 40 daAuts
